 Dungeon Crawl Stone Soup version 0.27.1-33-g824d729ab1 (webtiles) character file.

Game seed: 17319393219936660540

65 solopath the Insei (level 4, -3/28 HPs)
             Began as an Octopode Transmuter on Dec 6, 2021.
             Slain by Sigmund (14 damage)
             ... on level 3 of the Dungeon.
             The game lasted 00:04:37 (2976 turns).

solopath the Insei (Octopode Transmuter)            Turns: 2976, Time: 00:04:38

Health: -3/28      AC:  1    Str:  6 (9)  XL:     4   Next: 14%
Magic:  7/7        EV: 13    Int: 15 (16) God:
Gold:   108        SH:  0    Dex:  9 (12) Spells: 3/7 levels left

rFire    . . .     SeeInvis .     - Unarmed
rCold    . . .     Faith    .   (no shield)
rNeg     . . .     Spirit   .   (helmet currently unavailable)
rPois    .         Reflect  .   (no amulet)
rElec    .         Harm     .   (no ring)
rCorr    .         Rampage  .   (no ring)
Will     .....                  (no ring)
Stlth    +++.......             (no ring)
HPRegen  0.09/turn              (no ring)
MPRegen  0.10/turn              (no ring)
                                (no ring)
                                (no ring)

@: appendages (expiring)
A: tentacle spike 3, almost no armour, amphibious, 8 rings, camouflage 1,
gelatinous body 1, (nimble swimmer 1), tentacles
a: End Transformation


You were on level 3 of the Dungeon.
One of your tentacles had grown a beastly spike.
You visited 1 branch of the dungeon, and saw 3 of its levels.

You collected 108 gold pieces.

Inventory:

Magical Staves
 d - a staff of conjuration
Scrolls
 c - a scroll of brand weapon {unknown}
Potions
 a - a potion of curing


   Skills:
 - Level 1.0 Fighting
 - Level 2.0 Dodging
 - Level 2.1 Stealth
 * Level 4.3 Unarmed Combat
 - Level 2.0 Spellcasting
 + Level 2.3 Transmutations


You had 3 spell levels left.
You knew the following spells:

 Your Spells              Type           Power      Damage    Failure   Level
a - Beastly Appendage     Tmut           16%        N/A       9%          1
b - Spider Form           Tmut/Pois      2%         N/A       38%         3

Your spell library contained the following spells:

 Spells                   Type           Power      Damage    Failure   Level
 Wereblood                Tmut           8%         N/A       13%         2
 Portal Projectile        Hex/Tloc       2%         N/A       54%         3
 Ice Form                 Ice/Tmut       4%         N/A       80%         4
 Blade Hands              Tmut           4%         N/A       94%         5
 Excruciating Wounds      Necr           0%         N/A       99%         5


Dungeon Overview and Level Annotations

Branches:
Dungeon (3/15)

Altars:
Makhleb

Shops:
D:3 (

Annotations:
D:3 Sigmund


Innate Abilities, Weirdness & Mutations

One of your tentacles has grown a beastly spike.
You cannot wear most types of armour.
You are amphibious.
You can wear up to eight rings at the same time.
Your skin changes colour to match your surroundings (Stealth+).
Your rubbery body absorbs attacks. (AC +1, EV +1)
((You are camouflaged near water. (Stealth+)))
You have tentacles for arms and can constrict up to eight enemies at once.


Message History

You hear a grinding noise.
Casting: Beastly Appendage (safe; 9% risk of failure)
Confirm with . or Enter, or press ? or * to list all spells.
One of your tentacles grows a vicious spike.
Sigmund gestures at you while chanting.
You are confused.
You are too confused!
You see here 23 stones.
You bump into the rock wall.
Sigmund hits you from afar with a +0 scythe!
An adder comes into view.
You bump into the rock wall.
Sigmund closely misses you.
You barely miss the adder.
You feel less confused. Sigmund hits you with a +0 scythe!
* * * LOW HITPOINT WARNING * * *
The adder misses you.
You barely miss Sigmund. Your grab misses Sigmund.
The adder closely misses you. Sigmund misses you.
It was a potion of degeneration.
There was something very wrong with that liquid.
You feel weakened.
You feel dopey.
You feel clumsy. The adder bites you but does no damage.
It was a potion of curing.
You feel better.
Your transformation is almost over.
The adder barely misses you. Sigmund barely misses you. The adder misses you.
You tentacle-slap Sigmund. You grab Sigmund.
Sigmund is lightly wounded.
You constrict Sigmund, but do no damage.
The adder closely misses you.
You tentacle-slap Sigmund.
Sigmund is moderately wounded.
You constrict Sigmund. Sigmund barely misses you. The adder misses you.
Unknown command.
You tentacle-slap Sigmund.
Sigmund is moderately wounded.
You constrict Sigmund, but do no damage.
The adder bites you. Sigmund hits you with a +0 scythe!
Ouch! That really hurt!
You die...

##
#######.#####.....##.#
#.. #......# ##...###..
#.. #......#########.)..
..##.........##.....#.#
#.#.######.........#.# .
#..# #.........###
.>#.###.######.........#
.##.....(.S..+.........#
8##.#####@#.##.........#
##@.##.........#
#.###+##.....# ....
###.#.. #.##. ... .. ...
. ...


You could see Sigmund and an adder.

Vanquished Creatures
  2 adders
  2 dart slugs
  3 bats
  4 endoplasms
  2 hobgoblins (D:1)
  4 jackals
  6 kobolds
  A quokka (D:1)
  5 ball pythons
  2 frilled lizards (D:2)
  8 goblins
  3 rats
42 creatures vanquished.

Notes
Turn   | Place    | Note
-------+----------+-------------------------------------------
     0 | D:1      | solopath the Octopode Transmuter began the quest for the
                  | Orb.
     0 | D:1      | Reached XP level 1. HP: 13/13 MP: 3/3
   157 | D:1      | Reached skill level 1 in Stealth
   360 | D:1      | Reached XP level 2. HP: 18/18 MP: 3/5
  1135 | D:1      | Reached XP level 3. HP: 16/23 MP: 6/6
  1139 | D:1      | Learned a level 3 spell: Spider Form
  1542 | D:2      | Reached skill level 4 in Unarmed Combat
  2423 | D:3      | Found Reuthoumpo's Antique Weapon Emporium.
  2441 | D:3      | HP: 1/23 [adder (5)]
  2446 | D:3      | Reached XP level 4. HP: 1/28 MP: 7/7
  2712 | D:3      | Found a burning altar of Makhleb.
  2961 | D:3      | Noticed Sigmund
  2976 | D:3      | Slain by Sigmund

Illustrated notes

Levels and vault maps discovered:
D:1:      dpeg_arrival_renting, layout_basic
D:2:      layout_basic
D:3:      layout_basic, nicolae_overflow_hidden_temple, lemuel_round_altar,
          nicolae_qazlal_eye_of_the_storm, serial_shops, shop, shop,
          nicolae_shop_temple_entry_statues_fountains, nicolae_shop_stone, shop,
          uniq_sigmund

Skill      XL: |  1  2  3 |
---------------+----------+-----
Stealth        | 1 2 |  2.1
Unarmed Combat | 4 |  4.3
Fighting       | |  1.0
Dodging        | |  2.0
Spellcasting   | |  2.0
Transmutations | |  2.3

Action                   |  1- 3 |  4- 6 || total
-------------------------+-------+-------++-------
Melee: Unarmed           |    89 |    10 ||    99
       Constrict         |    21 |     1 ||    22
       Kick              |     4 |       ||     4
       Tentacles         |    11 |     1 ||    12
 Cast: Beastly Appendage |     7 |     3 ||    10
  Use: Potion            |     2 |     2 ||     4
 Stab: Sleeping          |     5 |       ||     5
       Distracted        |     1 |       ||     1
Armor: Skin              |     8 |     2 ||    10
Dodge: Dodged            |    61 |    11 ||    72
